 Dungeon Crawl Stone Soup version 0.20-a0-1000-g0e8f6bb (webtiles) character file.

739 uglyjohn the Geomancer (level 7, -6/36 HPs)
             Began as a Gargoyle Earth Elementalist on Apr 11, 2017.
             Mangled by an orc warrior
             ... wielding a +0 long sword
              (10 damage)
             ... on level 5 of the Dungeon on Apr 12, 2017.
             The game lasted 00:16:34 (5636 turns).

uglyjohn the Geomancer (GrEE)                       Turns: 5636, Time: 00:16:35

Health: -6/36      AC:  9    Str: 12    XL:     7   Next: 75%
Magic:  0/10       EV: 12    Int: 17    God:
Gold:   295        SH:  0    Dex: 10    Spells: 6/10 levels left

rFire    . . .     SeeInvis .   E - +1 whip (vamp)
rCold    . . .     Gourm    .   (no shield)
rNeg     + + .     Faith    .   c - +0 robe
rPois    ∞         Spirit   .   G - +0 helmet
rElec    +         Reflect  .   (no cloak)
rCorr    .         Harm     .   u - +1 pair of gloves
MR       .....                  (no boots)
Stlth    ++........             n - amulet of rage
Regen    0.2/turn               h - ring of positive energy
MPRegen  0.2/turn               (no ring)

@: no status effects
A: negative energy resistance 1, electricity resistance, unbreathing,
petrification resistance, rot immunity, AC +4
a: Evoke Berserk Rage


You were on level 5 of the Dungeon.
You were not hungry.

You visited 1 branch of the dungeon, and saw 6 of its levels.
You also visited: Ossuary.

You collected 295 gold pieces.

Inventory:

Hand Weapons
 y - a +0 short sword
 E - a +1 vampiric whip (weapon)
Missiles
 b - 128 stones (quivered)
Armour
 c - a +0 robe (worn)
 u - a +1 pair of gloves (worn)
 G - a +0 helmet (worn)
Jewellery
 h - a ring of positive energy (left hand)
 j - a cursed -3 ring of dexterity {unknown}
 n - an amulet of rage (around neck)
 B - an uncursed ring of positive energy
 C - an uncursed amulet of the gourmand
Wands
 A - a wand of digging (0/24)
Scrolls
 g - a scroll of blinking
 l - 4 scrolls of teleportation
 q - 2 scrolls of immolation
 r - 2 scrolls of remove curse
 D - a scroll of enchant weapon
 I - a scroll of recharging {unknown}
 K - a scroll of enchant armour
 L - a scroll of identify
 M - a scroll of holy word {unknown}
 N - a scroll of vulnerability {unknown}
 O - a scroll of amnesia {unknown}
Potions
 a - 5 potions of might
 f - a potion of invisibility {unknown}
 i - 3 potions of brilliance
 k - a potion of flight {unknown}
 m - a potion of heal wounds {unknown}
 p - 2 potions of ambrosia {unknown}
 s - 2 potions of haste {unknown}
 t - 2 potions of curing {unknown}
 v - 3 potions of resistance {unknown}
 w - 3 potions of lignification
 z - a potion of degeneration {unknown}
 F - a potion of magic {unknown}
 H - 2 potions of mutation
 J - a potion of berserk rage {unknown}
Books
 e - a book of Geomancy

   Spells                             Type                      Level
   a - Sandblast                      Earth                        1
   b - Passwall                       Transmutation/Earth          2
   c - Stone Arrow                    Conjuration/Earth            3
   d - Petrify                        Transmutation/Earth          4
   e - Lee's Rapid Deconstruction     Earth                        5
Comestibles
 d - 3 bread rations
 o - 2 meat rations
 x - 3 fruits
 P - 3 chunks of flesh


   Skills:
 - Level 1.5 Dodging
 - Level 2.1 Stealth
 - Level 2.0 Spellcasting
 + Level 4.9 Conjurations
   Level 0.7 Transmutations
 + Level 9.0 Earth Magic


You had 6 spell levels left.
You knew the following spells:

 Your Spells              Type           Power        Failure   Level  Hunger
a - Sandblast             Erth           ####..       1%          1    #......
b - Stone Arrow           Conj/Erth      ####..       4%          3    ###....


Dungeon Overview and Level Annotations

Branches:
Dungeon (6/15)
 Temple: D:4-7

Altars:
Elyvilon
Gozag
Nemelex Xobeh
Uskayaw


Innate Abilities, Weirdness & Mutations

You are resistant to torment.
Your stone body is resilient. (AC +4)
You are immune to poison.
You resist negative energy. (rN+)
You are resistant to electric shocks. (rElec)
You can survive without breathing.
You are immune to petrification.
You are immune to rotting.


Message History

Confirm with . or Enter, or press ? or * to list all spells.
Aiming: Sandblast
Press: ? - help, Shift-Dir - straight line, f/p - orc warrior
Aim: an orc warrior, wielding a long sword and wearing a chain mail (almost dead)
The blast of sand hits the orc warrior.
The orc warrior is almost dead.
b - 129 stones Unknown command.
Unknown command.
Okay, then.
Casting: Sandblast
Confirm with . or Enter, or press ? or * to list all spells.
Aiming: Sandblast
Press: ? - help, Shift-Dir - straight line, f/p - orc warrior
Aim: an orc warrior, wielding a long sword and wearing a chain mail (almost dead)
The blast of sand hits the orc warrior.
The orc warrior is almost dead.
b - 128 stones The orc warrior hits you with a long sword!
You die...

#........##.....# ##.#.)#
#.........###..## #####.##.#
#.....###.##...####.....##.#
#########...........######.######
.....#........................##.
.......####..####..##............
......#.....## #..........#####.
.....#.....#######....####.......
...............o@....## ###.##..
............########.# #.....
............# #.### ##....
.....#.....## #...### ##.##
.....#.....## ###.).# #.##
............# ###>#####.##
#####.......# ##)........
#.......## ##.##.......
##.....#.## ##.####......


You could see an orc warrior.

Vanquished Creatures
  An ogre (D:5)
  A scorpion (D:5)
  The ghost of loser178 the Insei, a weakling OpTm (D:3)
  A jelly (D:5)
  A gnoll shaman (D:4)
  2 worker ants
  12 mummies (Ossuary)
  A howler monkey skeleton (D:5)
  10 adders
  9 gnolls (D:4)
  An ooze (D:4)
  An adder skeleton (D:4)
  3 worms
  4 dart slugs
  3 leopard geckos
  9 orcs
  6 giant cockroaches
  3 goblins (D:1)
  2 hobgoblins (D:1)
  4 jackals
  5 quokkas
  A ball python skeleton (D:4)
  3 bats (D:1)
  10 frilled lizards
  A gnoll skeleton (Ossuary)
  A goblin skeleton (Ossuary)
  3 kobolds
  3 kobold skeletons (Ossuary)
  A leopard gecko skeleton (D:5)
  3 orc skeletons (Ossuary)
  A quokka skeleton (D:5)
  9 rats
  11 rat skeletons (Ossuary)
  A rat zombie (D:5)
128 creatures vanquished.

Notes
Turn   | Place    | Note
-------+----------+-------------------------------------------
     0 | D:1      | uglyjohn the Gargoyle Earth Elementalist began the quest for the Orb.
     0 | D:1      | Reached XP level 1. HP: 10/10 MP: 3/3
   206 | D:1      | Reached skill level 4 in Earth Magic
   440 | D:1      | Reached XP level 2. HP: 15/15 MP: 3/5
  1161 | D:1      | Reached XP level 3. HP: 19/19 MP: 6/6
  1169 | D:1      | Learned a level 3 spell: Stone Arrow
  1237 | D:2      | Reached skill level 5 in Earth Magic
  1677 | D:2      | Reached XP level 4. HP: 23/24 MP: 7/7
  1911 | D:2      | Reached skill level 6 in Earth Magic
  2420 | D:3      | Found a white marble altar of Elyvilon.
  2498 | D:3      | Noticed loser178's ghost (weakling OpTm)
  2526 | D:3      | Killed loser178's ghost
  2526 | D:3      | Reached skill level 7 in Earth Magic
  2526 | D:3      | Reached XP level 5. HP: 28/28 MP: 5/8
  3257 | D:4      | Reached skill level 1 in Conjurations
  3375 | D:4      | Reached XP level 6. HP: 24/32 MP: 3/9
  3500 | D:4      | Found an opulent altar of Gozag.
  4207 | D:5      | Entered Level 5 of the Dungeon
  4224 | D:5      | Reached skill level 8 in Earth Magic
  4291 | D:5      | Found a hide-covered altar of Uskayaw.
  4293 | D:5      | Found a sparkling altar of Nemelex Xobeh.
  4355 | D:5      | Upgraded the game from 0.20-a0-999-gb5f2a4e to 0.20-a0-1000-g0e8f6bb
  4458 | D:5      | Reached XP level 7. HP: 26/36 MP: 10/10
  4486 | D:5      | Found a sand-covered staircase.
  4491 | Ossuary  | Entered an ossuary
  5572 | D:5      | Reached skill level 9 in Earth Magic
  5636 | D:5      | Mangled by an orc warrior

Vault maps used:
D:1:      dpeg_arrival_round_c
D:3:      elyvilon_altar_3
D:4:      nicolae_gozag_cash_rules_everything_around_me, first_bread
D:5:      minitemple, enter_ossuary_3
D:6:      nicolae_qazlal_eye_of_the_storm, uniq_sigmund
Ossuary:  ossuary_due_small_catacomb

Skill      XL: |  1  2  3  4  5  6  7 |
---------------+----------------------+-----
Earth Magic    | 4 5 7 8 9 |  9.0
Conjurations   | 2 3 4 |  4.9
Dodging        | |  1.5
Stealth        | |  2.1
Spellcasting   | |  2.0
Transmutations | |  0.7

Action                   |  1- 3 |  4- 6 |  7- 9 || total
-------------------------+-------+-------+-------++-------
Melee: Dagger            |    90 |       |       ||    90
       Unarmed           |     5 |       |       ||     5
       Short sword       |     9 |   124 |       ||   133
       Whip              |       |   104 |    74 ||   178
 Cast: Sandblast         |    28 |    50 |    53 ||   131
Evoke: Wand              |       |       |     2 ||     2
  Use: Scroll            |     2 |     7 |     3 ||    12
  Eat: Chunk             |     3 |     9 |     3 ||    15
       Meat ration       |       |     1 |       ||     1
       Royal jelly       |       |       |     1 ||     1
Armor: Robe              |    42 |   105 |    26 ||   173
Dodge: Dodged            |    64 |   186 |    51 ||   301
